 Dungeon Crawl Stone Soup version 0.26.1-10-gdfb7c7de75 (webtiles) character file.

Game seed: 3751835470196682017

62 Phaedo the Ducker (level 3, -5/14 HPs)
             Began as a Felid Air Elementalist on Apr 10, 2021.
             Killed by nerve-wracking pain
             ... invoked by Jessica
              (11 damage)
             ... on level 2 of the Dungeon.
             The game lasted 00:05:12 (2002 turns).

Phaedo the Ducker (Felid Air Elementalist)          Turns: 2002, Time: 00:05:13

Health: -5/14      AC:  1    Str:  4    XL:     3   Next: 85%
Magic:  0/7        EV: 19    Int: 17    God:
Gold:   32         SH:  0    Dex: 16    Spells: 5/6 levels left
                                        Lives:  0   Deaths: 0

rFire    . . .     SeeInvis +   (weapon unavailable)
rCold    . . .     Faith    .   (shield unavailable)
rNeg     . . .     Spirit   +   (armour unavailable)
rPois    .         Reflect  .   (helmet unavailable)
rElec    .         Harm     .   (cloak unavailable)
rCorr    .         Rampage  .   (gloves unavailable)
Will     .....                  (boots unavailable)
Stlth    +++.......             c - amulet of guardian spirit
HPRegen  0.04/turn              (no ring)
MPRegen  0.10/turn              (no ring)

@: very slightly contaminated, quick
A: very small, no armour, no weapons or thrown items, stealth, claws 1, fangs 3,
see invisible, speed 1, shaggy fur 1, sharp paws
a: no special abilities


You were on level 2 of the Dungeon.
You visited 1 branch of the dungeon, and saw 2 of its levels.

You collected 32 gold pieces.

Inventory:

Jewellery
 c - an amulet of guardian spirit (around neck)
 d - an uncursed ring of stealth {unknown}
 h - a cursed ring of teleportation {unknown}
Scrolls
 b - 4 scrolls of teleportation
 e - 3 scrolls of identify
 f - a scroll of enchant armour {unknown}
 g - 2 scrolls of magic mapping {unknown}
Potions
 a - a potion of curing {unknown}


   Skills:
 * Level 4.1 Dodging
 + Level 3.6 Stealth
 - Level 2.0 Spellcasting
 - Level 0.8 Conjurations
 * Level 3.4 Air Magic


You had 5 spell levels left.
You knew the following spells:

 Your Spells              Type           Power        Failure   Level
a - Shock                 Conj/Air       36%          9%          1

Your spell library contained the following spells:

 Spells                   Type           Power        Failure   Level
 Swiftness                Air            13%          7%          2
 Static Discharge         Conj/Air       9%           24%         3
 Airstrike                Air            6%           43%         4
 Lightning Bolt           Conj/Air       4%           92%         5


Dungeon Overview and Level Annotations

Branches:
Dungeon (2/15)

Altars:

Annotations:
D:2 Jessica


Innate Abilities, Weirdness & Mutations

You cannot wear armour.
You are incapable of wielding weapons or throwing items.
Your paws allow you to move quietly. (Stealth)
You have sharp claws.
You have razor-sharp teeth.
You have supernaturally acute eyesight. (SInv)
You cover ground quickly.
You are covered in fur. (AC +1)
Your sharp claws are effective at attacking unaware monsters.


Message History

You miscast Shock.
Nothing appears to happen.
Jessica mumbles some strange words.
Jessica blinks!
Unknown command.
Jessica gestures wildly while chanting.
Jessica blinks!
Jessica casts a spell at you. Pain shoots through your body!
Unknown command.
Okay, then.
Casting: Shock (safe; 9% risk of failure)
Confirm with . or Enter, or press ? or * to list all spells.
Aiming: Shock (safe; 9% risk of failure)
Press: ? - help, Shift-Dir - straight line, f/p - Jessica
Aim: Jessica, wielding a +0 club and wearing a +0 robe (severely wounded, 32% to evade)
The zap misses Jessica.
Jessica casts a spell at you. Pain shoots through your body!
Ouch! That really hurt!
You die...

....##...###.##+#.#......
....##........#.#.#......
....##..................#
.....#...........?......+
.....#.....#............#
........##.#..........#
....#... ..#..........#
....#...####...!......#
................@.....#
...... #####..>@.....#
..... +.!.......# ....
#.........# ..#
#.........# . ###########


You could see Jessica.

Vanquished Creatures
  2 adders (D:2)
  An ooze (D:2)
  A dart slug (D:1)
  A leopard gecko (D:2)
  6 bats (D:1)
  2 giant cockroaches (D:1)
  4 hobgoblins
  3 jackals (D:2)
  4 kobolds (D:1)
  2 quokkas (D:2)
  A frilled lizard (D:1)
  6 goblins
  2 rats (D:1)
35 creatures vanquished.

Notes
Turn   | Place    | Note
-------+----------+-------------------------------------------
     0 | D:1      | Phaedo the Felid Air Elementalist began the quest for the
                  | Orb.
     0 | D:1      | Reached XP level 1. HP: 7/7 MP: 4/4
    15 | D:1      | Noticed a minotaur skeleton
   275 | D:1      | Reached skill level 3 in Dodging
   343 | D:1      | Reached XP level 2. HP: 11/11 MP: 0/6
  1235 | D:2      | Reached XP level 3. HP: 14/14 MP: 3/7
  1549 | D:2      | Reached skill level 4 in Dodging
  1987 | D:2      | Noticed Jessica
  2002 | D:2      | Killed from afar by Jessica

Illustrated notes

Levels and vault maps discovered:
D:1:      shiori_arrival_whats_in_store_for_you, layout_basic
D:2:      layout_basic, xom_redecorated, uniq_jessica

Skill      XL: |  1  2  3 |
---------------+----------+-----
Dodging        | 3 4 |  4.1
Stealth        | 3 |  3.6
Air Magic      | 3 |  3.4
Spellcasting   | |  2.0
Conjurations   | |  0.8

Action                   || total
-------------------------++-------
Melee: Unarmed           ||     7
       Bite              ||     1
 Cast: Shock             ||    92
  Use: Scroll            ||     2
Armor: Skin              ||     3
Dodge: Dodged            ||    25
